 Dungeon Crawl Stone Soup version 0.28.0 (webtiles) character file.

Game seed: 5460185760152330265

247 Crownlay the Digger (level 6, -1/36 HPs)
             Began as an Octopode Earth Elementalist on Feb 11, 2022.
             Was an Initiate of Vehumet.
             Slain by Pikel (13 damage)
             ... on level 4 of the Dungeon.
             The game lasted 00:06:57 (4319 turns).

Crownlay the Digger (Octopode Earth Elementalist)   Turns: 4319, Time: 00:06:57

Health: -1/36      AC:  1    Str:  7    XL:     6   Next: 11%
Magic:  4/12       EV: 13    Int: 19    God:    Vehumet [......]
Gold:   117        SH:  0    Dex: 19    Spells: 7/13 levels left

rFire   + . .      SeeInvis +   b - +0 dagger (elec)
rCold   . . .      Faith    .   (no shield)
rNeg    . . .      Spirit   .   (helmet restricted)
rPois   .          Reflect  .   (no amulet)
rElec   .          Harm     .   h - ring of Ulecuwne {rF+ SInv}
rCorr   .          Rampage  .   j - +6 ring of dexterity
Will    .....                   p - ring of flight
Stlth   +++.......              (no ring)
HPRegen 0.12/turn               (no ring)
MPRegen 0.13/turn               (no ring)
                                (no ring)
                                (no ring)

@: flying
A: almost no armour, amphibious, 8 rings, camouflage 1, gelatinous body 1,
(nimble swimmer 1), tentacles
a: Renounce Religion


You were on level 4 of the Dungeon.
You worshipped Vehumet.
Vehumet was noncommittal.
You visited 2 branches of the dungeon, and saw 5 of its levels.

You collected 117 gold pieces.

Inventory:

Hand Weapons
 b - a +0 dagger of electrocution (weapon)
Missiles
 i - 102 stones
Jewellery
 h - the ring of Ulecuwne (left tentacle) {rF+ SInv}
   (You took it off a kobold on level 2 of the Dungeon)

   [ring of see invisible]

   rF:        It protects you from fire.
   SInv:      It lets you see invisible.
 j - a +6 ring of dexterity (right tentacle)
 p - a ring of flight (on tentacle)
Wands
 k - a wand of polymorph (9)
 n - a wand of acid (5)
Scrolls
 e - a scroll of immolation
 f - a scroll of teleportation
 l - a scroll of vulnerability {unknown}
 m - a scroll of enchant weapon {unknown}
Potions
 a - a potion of berserk rage {unknown}
 c - 2 potions of curing
 d - a potion of resistance {unknown}
 g - a potion of flight {unknown}
 o - a potion of lignification {unknown}


   Skills:
 - Level 2.0 Dodging
 - Level 2.6 Stealth
 + Level 4.2 Spellcasting
 - Level 1.0 Transmutations
 + Level 5.1 Earth Magic


You had 7 spell levels left.
You knew the following spells:

 Your Spells              Type           Power      Damage    Failure   Level
a - Sandblast             Erth           46%        2d11      1%          1
b - Passwall              Tmut/Erth      12%        N/A       6%          2
c - Stone Arrow           Conj/Erth      26%        3d8       14%         3

Your spell library contained the following spells:

 Spells                   Type           Power      Damage    Failure   Level
 Petrify                  Tmut/Erth      15%        N/A       36%         4


Dungeon Overview and Level Annotations

Branches:
Dungeon (4/15)             Temple (1/1) D:4

Altars:
Cheibriados
Elyvilon
Fedhas
Gozag
Ru
Sif Muna
Uskayaw
Vehumet
Yredelemnul
The Shining One

Annotations:
D:4 Pikel


Innate Abilities, Weirdness & Mutations

You cannot wear most types of armour.
You are amphibious.
You can wear up to eight rings at the same time.
Your skin changes colour to match your surroundings (Stealth+).
Your rubbery body absorbs attacks. (AC +1, EV +1)
((You are camouflaged when in or above water. (Stealth+)))
You have tentacles for arms and can constrict up to eight enemies at once.


Message History

Casting: Sandblast (safe; 1% risk of failure)
Confirm with . or Enter, or press ? or * to list all spells.
Aiming: Sandblast (safe; 1% risk of failure)
Press: ? - help, Shift-Dir - straight line, f/p - lemure
Aim: a lemure (almost dead, 76% to hit)
The blast of sand hits the lemure.
You kill the lemure!
That felt strangely unrewarding.
i - 102 stones (gained 28)
Your magical contamination has completely faded away.
You start resting.
Pikel, Merchant of Souls comes into view.
He is wielding a +0 whip of flaming.
Pikel shouts!
You reach down and open the door.
Found 11 gold pieces.
There is an open door here.
Casting: Sandblast (safe; 1% risk of failure)
Confirm with . or Enter, or press ? or * to list all spells.
The spell is quite dangerous to miscast (14% risk of failure)!
Continue anyway?
Okay, then.
Casting: Stone Arrow (quite dangerous; 14% risk of failure)
Confirm with . or Enter, or press ? or * to list all spells.
Aiming: Passwall (safe; 6% risk of failure)
Press: ? - help, Dir - move target A rock wall.
Okay, then.
Casting: Passwall (safe; 6% risk of failure)
Confirm with . or Enter, or press ? or * to list all spells.
The spell is quite dangerous to miscast (14% risk of failure)!
Continue anyway?
Okay, then.
Casting: Stone Arrow (quite dangerous; 14% risk of failure)
Confirm with . or Enter, or press ? or * to list all spells.
Aiming: Passwall (safe; 6% risk of failure)
Press: ? - help, Dir - move target A rock wall.
You begin to meditate on the wall.
You continue meditating on the rock.
Pikel completely misses you.
You continue meditating on the rock.
Pikel hits you with a +0 whip of flaming!
You die...

####......... #.#.#..
#............##?#.#.##
...................>.#
.$...........#.#.#..#
##...........#......#
#..............#....#
#...................#
#...............<...#
#...#K@....#...#.#..#
#..K#####...........#
#...'...#.####.#.#..#
#...###.#<.......#.##
#...# #.#........# .
##### #.#######..# ##
#.K........#
##..###.#..###
#..............


You could see Pikel.

Vanquished Creatures
  A centaur (D:3)
  2 lemures (D:4)
  3 gnolls (D:2)
  5 adders
  A white imp (D:3)
  3 worms
  2 dart slugs
  6 orcs (D:3)
  3 ball pythons
  8 bats
  4 endoplasms
  2 giant cockroaches
  9 goblins
  5 hobgoblins
  2 jackals (D:3)
  4 frilled lizards
  9 kobolds
  3 rats
72 creatures vanquished.

Notes
Turn   | Place    | Note
-------+----------+-------------------------------------------
     0 | D:1      | Crownlay the Octopode Earth Elementalist began the quest
                  | for the Orb.
     0 | D:1      | Reached XP level 1. HP: 11/11 MP: 3/3
   525 | D:1      | Reached XP level 2. HP: 17/17 MP: 5/5
   676 | D:1      | Found a faded altar of an unknown god.
  1390 | D:2      | Reached XP level 3. HP: 19/21 MP: 2/6
  1398 | D:2      | Learned a level 2 spell: Passwall
  1402 | D:2      | Learned a level 3 spell: Stone Arrow
  2126 | D:2      | Reached skill level 4 in Earth Magic
  2126 | D:2      | Reached XP level 4. HP: 27/27 MP: 4/8
  2499 | D:2      | Identified the ring of Ulecuwne {rF+ SInv}
  3135 | D:3      | Reached XP level 5. HP: 26/31 MP: 1/10
  3311 | D:3      | Noticed a centaur
  3324 | D:3      | Killed a centaur
  3426 | D:3      | Found a sacrificial altar of Ru.
  3539 | D:3      | Reached skill level 5 in Earth Magic
  3707 | D:3      | Reached XP level 6. HP: 36/36 MP: 12/12
  4203 | D:4      | Found a staircase to the Ecumenical Temple.
  4212 | Temple   | Entered the Ecumenical Temple
  4227 | Temple   | Became a worshipper of Vehumet
  4306 | D:4      | Noticed Pikel
  4319 | D:4      | Slain by Pikel

Illustrated notes

Levels and vault maps discovered:
D:1:      lemuel_arrival_river_ford, layout_basic, serial_glass,
          glass_columns_c, glass_columns_c, glass_columns_c, glass_columns_a,
          glass_columns_a, glass_columns_a, glass_columns_a, glass_columns_a,
          glass_columns_b, glass_columns_b, glass_columns_c, glass_columns_a,
          glass_columns_a, glass_columns_a, ebering_ecumenical_altar_petrified
D:2:      layout_loops_ring
D:3:      kb_forest_paths, layout_loops_ring, nicolae_ru_the_path_less_chosen
D:4:      layout_basic, minmay_temple_entry_waves, serial_shops,
          nicolae_shop_trees, uniq_pikel, uniq_duvessa
Temple:   regret_index_temple_sigil_plot

Skill      XL: |  1  2  3  4  5 |
---------------+----------------+-----
Spellcasting   | 3 4 |  4.2
Earth Magic    | 4 5 |  5.1
Dodging        | |  2.0
Stealth        | |  2.6
Transmutations | |  1.0

Action                   |  1- 3 |  4- 6 || total
-------------------------+-------+-------++-------
Melee: Unarmed           |    13 |       ||    13
       Constrict         |     3 |    15 ||    18
       Tentacles         |     3 |     9 ||    12
       Dagger            |     4 |    63 ||    67
       Punch             |     1 |     1 ||     2
 Cast: Sandblast         |    34 |    10 ||    44
       Stone Arrow       |     3 |    15 ||    18
       Passwall          |       |     1 ||     1
  Use: Scroll            |       |     3 ||     3
 Stab: Sleeping          |     1 |     7 ||     8
       Distracted        |       |     1 ||     1
Armor: Skin              |     3 |     6 ||     9
Dodge: Dodged            |    26 |    38 ||    64
